Map: Golden Wall LE

Players

Epic

  • Race: Terran Terran
  • League: Grandmaster
  • Spawn Location: 7:00

Vindicta - Winner!

  • Race: Terran Terran
  • League: Master
  • Spawn Location: 5:00

Event: The Miserable Cup

VOD

Have the link to the VOD?

Description

Time

  • Played on: June 18, 2020, 11:56 a.m.
  • Length: 22:22

All games in this series

Show
View Real Time Build Order
Export as new Build Order

Epic Terran 

Build Orders: Gas First Reaper Expand 

Get SALT Encoding   

  12  0:00  SCV  
  13  0:12  SCV  
  14  0:18  Supply Depot  
  14  0:25  SCV  
  14  0:28  Refinery  
  15  0:40  SCV  
  16  0:45  Barracks  
  16  0:52  SCV  
  17  1:04  SCV  
  18  1:16  SCV  
  19  1:31  Orbital Command  
  19  1:32  Reaper  
  20  1:47  Command Center  
  20  1:58  SCV  
  21  2:03  Factory  
  21  2:06  Barracks Reactor  
  21  2:10  SCV  
  21  2:14  Supply Depot  
  22  2:20  Refinery  
  22  2:24  SCV  
  22  2:36  SCV  
  23  2:49  Marine x2  
  23  2:50  Hellion  
  27  2:51  SCV  
  27  2:53  Starport  
  28  3:02  Orbital Command  
  28  3:03  SCV  
  29  3:09  Marine  
  29  3:10  Marine  
  31  3:12  Factory Tech Lab  
  31  3:17  SCV  
  32  3:28  SCV  
  32  3:29  SCV  
  32  3:30  Marine x2  
  36  3:38  Raven  
  38  3:42  SCV x2  
  38  3:46  Supply Depot, Factory Tech Lab  
  40  3:49  Marine x2  
  40  3:54  SCV x2  
  44  4:06  SCV  
  44  4:07  SCV, Siege Tank  
  49  4:13  Engineering Bay, Refinery  
  49  4:14  Supply Depot  
  49  4:20  SCV x2  
  48  4:32  SCV x2  
  48  4:35  Barracks  
  48  4:36  Barracks  
  48  4:37  Marine  
  48  4:38  Stimpack  
  51  4:39  Starport Reactor  
  51  4:44  Terran Infantry Weapons Level 1  
  51  4:46  SCV  
  51  4:48  SCV  
  53  4:55  Marine, Siege Tank  
  53  4:58  Supply Depot  
  57  5:03  SCV x2  
  59  5:14  Marine  
  59  5:15  SCV x2  
  62  5:23  Starport Reactor, Command Center  
  62  5:27  Siege Tank  
  65  5:31  Supply Depot  
  65  5:32  Marine x2  
  65  5:33  Marine  
  68  5:36  Marine x2  
  68  5:39  SCV x2  
  68  5:42  Refinery  
  72  5:50  Marine x2  
  72  5:51  SCV x2, Marine  
  72  5:54  Marine x2  
  79  5:59  Siege Tank  
  79  6:02  Medivac  
  79  6:03  Medivac  
  85  6:05  SCV  
  86  6:23  Supply Depot x2  
  86  6:25  SCV, Marine x2  
  92  6:26  Barracks Tech Lab  
  92  6:28  Barracks Reactor  
  92  6:32  SCV  
  90  6:36  Barracks x2  
  90  6:37  Orbital Command  
  83  6:52  Marine x3  
  83  6:53  Medivac, Siege Tank  
  83  6:54  Medivac  
  85  6:55  SCV x2  
  85  6:58  Combat Shield  
  87  7:04  Orbital Command  
  87  7:08  SCV x2  
  89  7:18  Marine  
  89  7:19  Marine x4  
  85  7:24  SCV x2  
  85  7:25  Barracks Reactor x2, Terran Infantry Armor Level 1  
  86  7:30  SCV  
  86  7:36  SCV x2, Marine x2  
  86  7:37  Medivac, Marine, Siege Tank  
  89  7:40  Medivac  
  98  7:47  Supply Depot x2  
  98  7:50  SCV x2  
  98  7:51  SCV  
  101  7:56  Marine x3  
  101  7:57  Marine x2  
  106  8:02  Marine x4  
  110  8:09  Medivac  
  110  8:10  Medivac  
  114  8:15  Command Center  
  114  8:19  Refinery  
  117  8:20  Siege Tank  
  117  8:25  Marine x8  
  117  8:26  Marine  
  126  8:36  Supply Depot x2  
  126  8:41  Armory, Engineering Bay  
  126  8:47  Marine x9  
  135  8:51  Supply Depot  
  135  8:58  Medivac x2, Siege Tank  
  135  9:02  Supply Depot, Factory  
  142  9:03  Supply Depot  
  142  9:12  Marine x9  
  142  9:14  SCV x2  
  145  9:29  Planetary Fortress  
  145  9:33  Terran Infantry Weapons Level 2  
  145  9:35  Terran Infantry Armor Level 2  
  145  9:42  Command Center  
  122  9:48  Marine x4  
  122  9:49  Marine x5, Siege Tank  
  118  9:54  SCV x3  
  118  9:57  Terran Vehicle Weapons Level 1  
  118  9:58  Medivac  
  118  10:03  Factory Tech Lab  
  118  10:06  Marine  
  118  10:09  Viking  
  118  10:13  Marine x8  
  125  10:19  SCV x2  
  125  10:20  SCV, Missile Turret  
  124  10:30  Siege Tank x2  
  128  10:38  Marine x8  
  136  10:47  Viking x2  
  140  10:53  Marine  
  140  10:56  Marine x4  
  129  11:07  Siege Tank x2  
  129  11:09  Marine  
  122  11:17  Marine x5  
  107  11:20  Medivac x2  
  102  11:26  Marine  
  100  11:34  Marine x2  
  100  11:35  Marine  
  103  11:41  Marine x2  
  103  11:43  Barracks x2, Siege Tank  
  103  11:44  Marine  
  103  11:45  Orbital Command, Barracks  
  103  11:46  Barracks  
  103  11:52  Marine x3, Siege Tank  
  98  11:59  Marine x2  
  82  12:04  SCV, Orbital Command  
  82  12:05  SCV x2  
  85  12:09  Marine  
  85  12:10  Marine x3  
  89  12:16  SCV x2  
  89  12:17  SCV x2, Marine x2  
  95  12:28  SCV  
  95  12:29  SCV  
  97  12:34  Marine x8  
  97  12:35  Marine  
  106  12:37  Siege Tank  
  106  12:38  Siege Tank  
  112  12:44  Medivac  
  114  12:51  Medivac  
  114  12:53  Missile Turret  
  111  12:59  Marine x8  
  119  13:17  Marine x3  
  119  13:19  Marine  
  123  13:21  Marine  
  123  13:22  Marine x2  
  111  13:31  Factory  
  111  13:32  Factory  
  101  13:35  Marine  
  101  13:37  Siege Tank  
  101  13:39  Marine x3  
  106  13:44  Barracks  
  106  13:45  Barracks  
  101  13:48  Barracks  
  101  13:51  Factory  
  101  13:53  Marine  
  99  13:57  Marine x3  
  93  14:09  Siege Tank  
  88  14:11  Marine  
  88  14:15  Marine x3  
  87  14:18  Factory Tech Lab x2  
  87  14:19  Barracks  
  87  14:20  Barracks  
  87  14:22  Refinery x2, Barracks x2  
  87  14:25  Orbital Command  
  87  14:28  Marine  
  86  14:33  Marine x3  
  86  14:36  Factory Tech Lab  
  89  14:39  Marine x3  
  89  14:44  Siege Tank  
  95  14:46  Marine  
  95  14:51  Marine x3  
  98  14:57  Marine x3  
  101  15:02  SCV x3  
  101  15:04  Marine  
  101  15:06  Starport  
  105  15:08  Marine x2  
  105  15:09  Marine  
  105  15:11  Marine x4  
  107  15:15  Marine x3  
  105  15:22  Marine  
  105  15:26  Marine x3  
  109  15:29  Marine x4  
  109  15:33  Marine x3  
  116  15:37  SCV x4  
  116  15:40  Marine  
  124  15:44  Starport Reactor, Marine  
  124  15:47  Marine x6  
  128  15:50  Marine  
  128  15:51  Marine x2  
  128  15:55  Missile Turret  
  129  15:57  Marine  
  129  15:59  SCV x2  
  130  16:08  Siege Tank  
  130  16:09  Siege Tank  
  136  16:17  Marine x4  
  140  16:28  Orbital Command  
  140  16:29  Siege Tank  
  140  16:34  Marine  
  140  16:35  Marine  
  140  16:41  Marine  
  124  16:54  Medivac x2  
  125  16:55  Marine x8  
  125  16:56  Marine  
  136  17:12  Marine  
  136  17:13  Marine x4  
  136  17:15  Marine  
  140  17:16  Marine  
  140  17:18  Marine  
  140  17:19  Marine  
  139  17:31  Supply Depot x2  
  139  17:34  Supply Depot, Marine  
  140  17:37  Supply Depot  
  140  17:52  Marine x8  
  140  17:55  Marine x3  
  140  17:56  Medivac x2  
  155  17:59  Supply Depot x2  
  147  18:10  Marine  
  147  18:18  Terran Infantry Weapons Level 3, Marine x7  
  147  18:19  Marine x3  
  148  18:24  SCV x2  
  148  18:25  SCV  
  148  18:26  SCV  
  152  18:28  Marine  
  153  18:36  Marine  
  153  18:37  SCV x3  
  153  18:38  SCV  
  157  18:49  SCV  
  157  18:55  SCV x3  
  161  18:56  Refinery  
  161  19:01  SCV  
  161  19:02  Marine x11  
  164  19:08  Medivac x2  
  177  19:13  SCV x3, Refinery  
  177  19:15  Orbital Command  
  180  19:20  Supply Depot  
  180  19:21  Supply Depot  
  180  19:22  Supply Depot x2  
  180  19:42  Medivac x2, Marine x2  
  148  19:54  Marine  
  148  19:55  Marine x8  
  148  19:59  Marine x2  
  119  20:07  Siege Tank x2  
  119  20:09  Siege Tank  
  119  20:12  Marine x4  
  119  20:13  Marine x5  
  134  20:17  Marine x2  
  115  20:30  Marine x9  
  115  20:35  Marine x2  
  126  20:38  Medivac  
  126  20:39  Siege Tank  
  131  20:48  Marine x9  
  133  20:53  Marine x2  
  99  21:06  Marine x9  
  99  21:11  Marine x2  
  104  21:12  Siege Tank  
  104  21:14  SCV  
  104  21:17  Refinery  
  106  21:23  Siege Tank  
  106  21:24  Marine x9  
  112  21:28  Marine x2  
  84  21:41  Marine  
  84  21:42  Marine x7  
  84  21:46  Marine  
  86  21:47  Siege Tank  
  88  21:59  Marine x8  
  94  22:04  Marine  
Show
View Real Time Build Order
Export as new Build Order

Vindicta Terran - Winner!

Build Orders:  

Get SALT Encoding   

  12  0:01  SCV  
  13  0:13  SCV  
  14  0:18  Supply Depot  
  14  0:25  SCV  
  15  0:28  Refinery  
  15  0:39  SCV  
  16  0:45  Barracks  
  16  0:51  SCV  
  16  0:56  Refinery  
  17  1:03  SCV  
  18  1:15  SCV  
  20  1:33  Reaper  
  20  1:34  Orbital Command  
  20  1:41  Factory  
  20  1:54  Supply Depot  
  20  2:00  SCV  
  21  2:05  Reaper  
  22  2:12  SCV  
  23  2:25  SCV, Hellion  
  26  2:37  SCV  
  27  2:44  Command Center  
  27  2:49  Factory Tech Lab  
  27  2:50  SCV  
  26  2:52  Barracks Reactor  
  26  2:54  Supply Depot  
  26  3:01  Starport  
  26  3:03  SCV  
  27  3:13  Cyclone  
  27  3:15  SCV  
  31  3:27  SCV  
  31  3:28  Marine x2  
  31  3:30  Refinery  
  34  3:38  Starport Tech Lab  
  34  3:39  SCV  
  35  3:46  Marine x2  
  37  3:53  SCV  
  37  3:55  Siege Tank  
  41  3:57  Orbital Command  
  41  4:04  Marine  
  41  4:08  Raven  
  41  4:09  Marine  
  45  4:11  SCV  
  46  4:22  Marine  
  46  4:23  SCV  
  48  4:26  Marine  
  48  4:31  Siege Tank  
  50  4:33  SCV  
  50  4:35  SCV  
  50  4:37  Supply Depot  
  54  4:45  SCV  
  54  4:58  Raven  
  54  4:59  SCV x2  
  57  5:00  Marine x2  
  57  5:05  Supply Depot  
  58  5:11  SCV  
  58  5:12  Command Center  
  60  5:18  Siege Tank  
  60  5:20  Supply Depot  
  62  5:26  SCV x2, Marine x2  
  66  5:35  Engineering Bay x2  
  66  5:38  SCV x2  
  66  5:39  Refinery  
  66  5:41  Raven  
  70  5:44  Marine  
  71  5:51  SCV  
  71  5:52  Siege Tank  
  71  5:53  Marine  
  77  5:59  Supply Depot  
  78  6:05  SCV, Terran Infantry Weapons Level 1  
  78  6:07  Terran Infantry Armor Level 1  
  78  6:13  SCV  
  78  6:21  SCV  
  80  6:26  Barracks  
  80  6:27  Barracks  
  80  6:29  Orbital Command  
  79  6:34  SCV  
  79  6:35  SCV, Viking x2  
  84  6:40  Stimpack  
  80  6:48  SCV  
  80  6:49  SCV  
  78  6:54  Marine  
  78  6:55  Siege Tank  
  78  6:59  Orbital Command  
  78  7:00  SCV x2  
  78  7:01  SCV, Supply Depot  
  85  7:02  Sensor Tower  
  85  7:05  Medivac  
  85  7:08  Medivac  
  89  7:12  Marine  
  87  7:19  SCV  
  87  7:21  Barracks Reactor x2  
  87  7:22  SCV  
  82  7:25  SCV  
  83  7:30  Marine  
  83  7:31  SCV  
  86  7:37  SCV  
  86  7:42  Supply Depot  
  86  7:43  SCV  
  87  7:45  Siege Tank  
  87  7:46  Barracks  
  87  7:49  SCV, Barracks  
  92  7:56  Medivac, Orbital Command  
  92  7:57  SCV, Medivac  
  97  7:58  Marine  
  97  7:59  Supply Depot  
  97  8:00  Supply Depot  
  97  8:01  SCV  
  97  8:04  Supply Depot, Marine x2  
  100  8:12  SCV  
  101  8:13  Missile Turret  
  101  8:14  SCV  
  101  8:15  Marine  
  103  8:20  Combat Shield  
  103  8:23  Marine x2  
  103  8:24  SCV x2  
  107  8:33  Sensor Tower  
  107  8:34  Barracks Reactor  
  107  8:41  Marine  
  108  8:44  SCV x2  
  108  8:45  Marine x2  
  108  8:47  Barracks Reactor, Armory, Missile Turret x2  
  108  8:48  SCV  
  113  8:52  Marine  
  113  8:54  Marine  
  115  8:56  SCV  
  115  8:59  Marine  
  115  9:01  Refinery  
  115  9:02  Marine x2  
  118  9:03  Refinery, Siege Tank  
  118  9:09  Marine  
  106  9:10  Supply Depot  
  106  9:11  Marine  
  106  9:12  Marine  
  106  9:14  Marine  
  106  9:16  Marine  
  111  9:20  Marine x2  
  111  9:22  Marine x2  
  115  9:27  Marine  
  115  9:29  Factory, Marine  
  115  9:30  Marine  
  118  9:31  Supply Depot  
  118  9:32  Marine  
  118  9:33  Supply Depot  
  118  9:34  Marine  
  118  9:35  Siege Tank  
  118  9:38  Marine x2  
  116  9:46  Marine  
  116  9:47  Marine  
  116  9:49  Marine  
  116  9:52  Marine  
  115  9:53  Medivac, Marine  
  115  9:54  Medivac  
  115  9:56  Marine  
  115  9:57  Marine  
  124  10:02  Terran Infantry Armor Level 2, Terran Infantry Weapons Level 2  
  124  10:04  SCV  
  124  10:06  Terran Vehicle Weapons Level 1  
  123  10:09  Command Center  
  123  10:10  Marine x2  
  123  10:11  Marine x3  
  129  10:16  Siege Tank  
  129  10:18  Barracks Reactor  
  129  10:21  Supply Depot, Marine x3  
  132  10:28  Marine x2  
  135  10:29  Marine x3  
  139  10:39  Marine x3  
  142  10:46  Marine x3  
  142  10:47  Marine x2  
  142  10:48  Siege Tank  
  149  10:56  Marine x2  
  149  10:57  Supply Depot, Marine x2  
  149  10:58  Marine  
  149  11:03  Marine  
  149  11:04  Marine x3  
  153  11:05  Marine  
  153  11:09  Medivac  
  145  11:12  Siege Tank  
  145  11:14  Marine x4  
  145  11:15  SCV  
  145  11:16  Marine  
  143  11:21  Marine  
  143  11:22  Marine x2  
  137  11:26  Siege Tank  
  137  11:28  Liberator  
  137  11:29  Marine x2  
  142  11:34  Marine x2  
  142  11:35  Marine x2  
  142  11:39  Liberator  
  145  11:44  Siege Tank  
  140  11:47  Marine  
  140  11:49  Marine  
  140  11:50  Marine  
  118  11:55  Marine  
  118  11:58  Siege Tank  
  111  12:09  Marine x3  
  111  12:11  Liberator  
  111  12:13  Marine x2  
  111  12:14  Sensor Tower  
  119  12:16  Orbital Command  
  122  12:24  Marine  
  122  12:26  Marine  
  122  12:27  Siege Tank  
  124  12:33  SCV  
  124  12:35  SCV  
  128  12:43  Siege Tank  
  129  12:45  SCV  
  129  12:46  SCV  
  129  12:47  Marine x3  
  129  12:49  Marine  
  135  12:55  Marine  
  135  12:56  Marine x2  
  135  12:57  Liberator x2  
  144  13:01  Marine  
  144  13:05  Siege Tank  
  145  13:11  Marine  
  142  13:17  Marine x2  
  142  13:18  Orbital Command  
  142  13:19  Siege Tank  
  144  13:23  Marine  
  136  13:29  Marine  
  136  13:32  Marine x3  
  141  13:38  Marine  
  141  13:40  Supply Depot  
  141  13:41  Marine  
  141  13:44  Marine  
  140  13:51  Marine  
  140  13:54  Marine  
  139  13:57  Marine  
  139  13:59  Marine  
  119  14:03  Marine  
  119  14:04  Marine x2  
  119  14:07  Marine  
  119  14:09  Marine x2  
  115  14:19  Marine, Siege Tank  
  119  14:27  Orbital Command  
  119  14:29  Medivac x2  
  121  14:36  Marine  
  122  14:38  Marine  
  122  14:44  Marine  
  124  14:52  Marine x2  
  125  14:54  Marine  
  125  15:00  Marine  
  125  15:03  Missile Turret  
  126  15:08  Marine x2  
  126  15:11  Marine  
  126  15:14  Marine  
  129  15:17  Marine  
  131  15:21  Marine x2  
  131  15:24  Marine  
  131  15:26  Marine  
  131  15:27  Marine  
  136  15:29  Marine  
  136  15:32  Marine  
  138  15:52  Marine  
  138  15:53  Marine  
  138  15:54  Marine  
  142  16:02  Supply Depot  
  142  16:04  Marine x2  
  142  16:05  Supply Depot  
  142  16:11  Supply Depot  
  144  16:14  Refinery  
  144  16:15  Refinery  
  144  16:17  Refinery  
  142  16:22  Command Center  
  142  16:31  Marine  
  143  16:33  Marine x2  
  141  16:40  Marine  
  141  16:46  Siege Tank  
  142  16:49  Marine x2  
  142  16:50  Marine x3  
  142  16:51  Marine x2  
  128  16:56  Marine x2  
  128  16:59  Marine  
  129  17:03  Medivac  
  129  17:07  Marine  
  134  17:14  Marine  
  135  17:21  Marine  
  131  17:24  Medivac  
  131  17:29  Sensor Tower  
  129  17:32  Marine  
  129  17:34  Marine  
  131  17:51  Marine x2  
  131  17:52  Marine x4  
  131  17:54  Siege Tank  
  136  17:58  Siege Tank  
  130  18:13  Orbital Command  
  130  18:15  Supply Depot  
  130  18:18  Medivac  
  130  18:19  Marine x2  
  125  18:24  Marine  
  126  18:37  Siege Tank  
  126  18:40  Supply Depot  
  126  18:41  Marine x2  
  131  18:42  Marine  
  131  18:44  Medivac, Marine  
  131  18:47  Marine  
  135  18:51  Marine  
  125  18:56  Marine x2  
  125  19:02  Siege Tank  
  130  19:07  Marine  
  130  19:08  Marine  
  132  19:10  Marine  
  132  19:13  Marine  
  132  19:14  Marine  
  132  19:16  Marine  
  136  19:23  Liberator  
  139  19:33  Marine x4  
  139  19:34  Marine  
  139  19:35  Marine x2  
  139  19:38  Marine  
  146  19:42  Supply Depot  
  147  19:46  Siege Tank  
  148  19:53  Marine  
  148  19:54  Marine x3  
  132  20:03  Marine  
  132  20:04  Marine  
  124  20:08  Marine  
  124  20:09  Marine x3  
  124  20:10  Marine  
  124  20:11  Marine  
  125  20:21  Marine  
  125  20:23  Siege Tank  
  123  20:28  Marine  
  123  20:29  Marine  
  123  20:34  Marine  
  123  20:35  Marine x3  
  126  20:39  Marine  
  127  20:47  Marine  
  127  20:48  Marine x2  
  130  20:50  Siege Tank  
  130  20:57  Siege Tank  
  129  21:00  Marine  
  129  21:01  Marine  
  116  21:09  Marine x3  
  113  21:12  Marine  
  113  21:13  Marine  
  113  21:16  Marine  
  113  21:18  Marine  
  117  21:24  Marine  
  117  21:26  Marine x2  
  117  21:27  Marine  
  117  21:29  Marine  
  117  21:30  Marine  
  100  21:33  Marine  
  100  21:39  Marine  
  93  21:45  Siege Tank  
  93  21:49  Marine  
  89  21:56  Marine x3  
  89  21:57  Marine  
  89  22:01  Marine  
Tags
 
Add a new tag
Caveats
  • Supply blocks, unpowered buildings, or Contaminate may cause inaccurate times.
  • Supply counts are checked every 10 seconds.